 Dungeon Crawl Stone Soup version 0.27-a0-1202-ge72e49191c (webtiles) character file.

Game seed: 7503176730093949243

385 27snakeeyes612 the Chopper (level 6, -5/57 HPs)
             Began as a Naga Fighter on June 4, 2021.
             Slain by a gnoll
             ... wielding a +3 spear
              (7 damage)
             ... on level 4 of the Dungeon.
             The game lasted 00:02:38 (4219 turns).

27snakeeyes612 the Chopper (Naga Fighter)           Turns: 4219, Time: 00:02:39

Health: -5/57      AC: 10    Str: 20    XL:     6   Next: 77%
Magic:  6/6        EV:  6    Int:  8    God:
Gold:   159        SH:  9    Dex: 11    Spells: 5/5 levels left

rFire    . . .     SeeInvis +   a - +0 war axe
rCold    . . .     Faith    .   c - +0 kite shield
rNeg     . . .     Spirit   .   b - +0 scale mail
rPois    +         Reflect  .   h - +0 helmet
rElec    .         Harm     .   (no cloak)
rCorr    .         Rampage  .   p - +2 pair of gloves
Will     .....                  (no barding)
Stlth    ..........             (no amulet)
HPRegen  0.19/turn              (no ring)
MPRegen  0.10/turn              (no ring)

@: mighty, very slow
A: AC +2, large, see invisible, deformed body, poison resistance, slowness 2,
spit poison 1, naga tail 1
a: Spit Poison


You were on level 4 of the Dungeon.
You visited 1 branch of the dungeon, and saw 4 of its levels.

You collected 159 gold pieces.

Inventory:

Hand Weapons
 a - a +0 war axe (weapon)
Armour
 b - a +0 scale mail (worn)
 c - a +0 kite shield (worn)
 h - a +0 helmet (worn)
 p - a +2 pair of gloves (worn)
Jewellery
 n - a +6 ring of intelligence
Scrolls
 e - 2 scrolls of blinking {unknown}
 f - a scroll of vulnerability {unknown}
 i - 2 scrolls of enchant weapon {unknown}
 j - 3 scrolls of teleportation {unknown}
 k - a scroll of amnesia {unknown}
 m - 4 scrolls of identify {unknown}
 o - a scroll of magic mapping {unknown}
Potions
 g - a potion of heal wounds {unknown}
 l - a potion of degeneration {unknown}
 q - 2 potions of lignification {unknown}
 r - a potion of haste {unknown}
 s - 3 potions of curing {unknown}
 t - a potion of ambrosia {unknown}
 u - a potion of attraction {unknown}


   Skills:
 + Level 3.9 Fighting
 + Level 4.6 Axes
 + Level 3.3 Armour
 + Level 1.0 Dodging
 + Level 0.5 Stealth
 + Level 3.5 Shields


You had 5 spell levels left.
You didn't know any spells.
Your spell library was empty.

Dungeon Overview and Level Annotations

Branches:
Dungeon (4/15)
 Temple: D:4-7

Altars:
Okawaru


Innate Abilities, Weirdness & Mutations

Your serpentine skin is tough. (AC +2)
You have supernaturally acute eyesight. (SInv)
Armour fits poorly on your strangely shaped body.
Your system is resistant to poisons. (rPois)
You cover ground very slowly.
You can spit poison.
You have a snake-like lower body.


Message History

The gnoll hits you with a +0 whip.
You hit the gnoll.
The gnoll is heavily wounded.
You block the gnoll's attack. The gnoll hits you with a +0 whip!
The gnoll closely misses you.
You slash the gnoll!
You kill the gnoll!
The gnoll barely misses you. x2
You slash the gnoll!
The gnoll is almost dead.
The gnoll barely misses you. x2
The gnoll hits you from afar with a +0 spear.
* * * LOW HITPOINT WARNING * * *
You feel very mighty all of a sudden. The gnoll hits you with a +0 whip.
* * * LOW HITPOINT WARNING * * *
The gnoll hits you but does no damage.
You slash the gnoll!
You kill the gnoll!
The gnoll hits you but does no damage. The gnoll hits you but does no damage.
The gnoll completely misses you.
Items here: ))) ††.
You hit the gnoll but do no damage. The gnoll hits you but does no damage.
The gnoll hits you from afar with a +3 spear.
* * * LOW HITPOINT WARNING * * *
You block the gnoll's attack.
You hit the gnoll.
The gnoll is moderately wounded.
You block the gnoll's attack. The gnoll hits you with a +0 spear.
* * * LOW HITPOINT WARNING * * *
The gnoll hits you but does no damage.
You barely miss the gnoll.
The gnoll is moderately wounded.
You block the gnoll's attack. The gnoll hits you but does no damage.
The gnoll hits you with a +0 spear.
* * * LOW HITPOINT WARNING * * *
You hit the gnoll.
The gnoll is heavily wounded.
The gnoll hits you from afar with a +3 spear!
You die...

#.# ####.###### ###.#
#....######
....######.##.......
#....†.............
#...####†#######'## #..#
#.....###..... ##
#.####.....###.... ..
#)#.###.....###... #.
#@#..###.....###.. #.
#.gg..###.....###.
#.####g###.#....####'######
#...ggg....#.....#.....#.##
...###g##..##....#.....#(.#
#. ##.###...'...))'... ..
..# ##..#.....#... ### ..#
##.#.....#... ..#
#####'####..


You could see 2 gnolls.

Vanquished Creatures
  A black bear (D:4)
  A scorpion (D:4)
  A jelly (D:4)
  A gnoll shaman (D:4)
  An iguana (D:4)
  5 gnolls
  2 adders
  A worm (D:2)
  3 dart slugs
  8 ball pythons
  9 endoplasms
  4 giant cockroaches
  7 hobgoblins
  4 jackals
  3 quokkas
  5 bats
  2 frilled lizards (D:2)
  6 goblins
  6 kobolds
  12 rats
82 creatures vanquished.

Notes
Turn   | Place    | Note
-------+----------+-------------------------------------------
     0 | D:1      | 27snakeeyes612 the Naga Fighter began the quest for the
                  | Orb.
     0 | D:1      | Reached XP level 1. HP: 21/21 MP: 1/1
   329 | D:1      | Reached XP level 2. HP: 9/28 MP: 2/2
   987 | D:1      | Reached XP level 3. HP: 29/34 MP: 3/3
  1973 | D:2      | Reached XP level 4. HP: 35/43 MP: 4/4
  2247 | D:2      | Reached skill level 3 in Axes
  3534 | D:4      | Reached XP level 5. HP: 43/50 MP: 5/5
  3695 | D:4      | Noticed a black bear
  3704 | D:4      | Killed a black bear
  3705 | D:4      | Reached skill level 4 in Axes
  3705 | D:4      | Reached XP level 6. HP: 31/57 MP: 6/6
  3968 | D:4      | Found an iron altar of Okawaru.
  4209 | D:4      | Reached skill level 1 in Dodging
  4218 | D:4      | HP: 2/57 [gnoll/+0 spear (4)]
  4219 | D:4      | Slain by a gnoll

Illustrated notes

Levels and vault maps discovered:
D:1:      lemuel_arrival_behind_the_door_large, layout_basic,
          grunt_decor_fettered, minmay_rat_gold_closets
D:2:      layout_rooms
D:3:      layout_basic, eino_curves_01, serial_bayou_crossing
D:4:      layout_loops_corners, okawaru_gym_becter, minmay_quadrilaterals

Skill      XL: |  1  2  3  4  5  6 |
---------------+-------------------+-----
Axes           | 3 4 |  4.6
Shields        | 3 |  3.5
Armour         | 3 |  3.3
Dodging        | 1 |  1.0
Fighting       | |  3.9
Stealth        | |  0.5

Action                   |  1- 3 |  4- 6 || total
-------------------------+-------+-------++-------
Melee: War axe           |    99 |   172 ||   271
 Abil: Spit Poison       |       |     2 ||     2
  Use: Potion            |       |     1 ||     1
Armor: Scale mail        |    41 |   111 ||   152
Dodge: Dodged            |    27 |    54 ||    81
Block: Kite shield       |    53 |   104 ||   157

Table legend: (Time is in decaauts)
 A = Elapsed time spent in this place.
 B = Non-inter-level travel time spent in this place.
 C = Inter-level travel time spent in this place.
 D = Time resting spent in this place.
 E = Time spent auto-exploring this place.
 F = Levels seen in this place.
 G = Mean time per level.
                   A        B        C        D        E       F      G
               +--------+--------+--------+--------+--------+-----+--------+
         Total |   5284 |   5183 |    101 |    124 |   4331 |   4 | 1321.0 |
       Dungeon |   5284 |   5183 |    101 |    124 |   4331 |   4 | 1321.0 |
               +--------+--------+--------+--------+--------+-----+--------+

Top non-repeatable levels by time:
     D:1: 2283 daAuts
     D:3: 1211 daAuts
     D:4: 957 daAuts
     D:2: 831 daAuts
